[Event "2nd Edmonton International"]
[Site "Edmonton"]
[Date "2007.08.05"]
[Round "6"]
[White "Bachmann, Axel"]
[Black "Haessel, Dale"]
[Result "1-0"]
[ECO "C42"]
[WhiteElo "2466"]
[BlackElo "2136"]
[PlyCount "79"]
[EventDate "2007.08.02"]
[EventType "tourn"]
[EventRounds "9"]
[EventCountry "CAN"]
[TimeControl "6600+30"]

1. e4 e5 2. Nf3 Nf6 3. Nxe5 d6 4. Nf3 Nxe4 5. Nc3 Nxc3 6. dxc3 Be7 7. Be3 Nc6
8. Qd2 O-O 9. O-O-O Ne5 10. Kb1 Bf6 11. Nd4 Re8 12. f4 Nc6 13. h3 Nxd4 14. cxd4
Bf5 15. g4 Be4 16. Rg1 d5 17. g5 Be7 18. Bd3 Qd7 19. Bxe4 dxe4 20. Qg2 Rad8 21.
Rd2 f5 22. Qe2 c6 23. h4 b5 24. c4 a6 25. Rc1 Bb4 26. Rdc2 Rc8 27. Qd1 Red8 28.
a3 Ba5 29. h5 Bb6 30. Rd2 bxc4 31. Rxc4 Qb7 32. Qb3 Rd5 33. Rdc2 Rb5 34. Qa2
Kh8 35. a4 Rd5 36. Rxc6 Rdd8 37. Rxc8 Rxc8 38. Qe6 Rf8 39. h6 gxh6 40. gxh6 1-0

[Event "2nd Edmonton International"]
[Site "Edmonton"]
[Date "2007.08.05"]
[Round "6"]
[White "Huber, Greg"]
[Black "Khachiyan, Melikset"]
[Result "0-1"]
[ECO "B26"]
[WhiteElo "2211"]
[BlackElo "2490"]
[PlyCount "122"]
[EventDate "2007.08.02"]
[EventType "tourn"]
[EventRounds "9"]
[EventCountry "CAN"]
[TimeControl "6600+30"]

1. e4 c5 2. Nc3 g6 3. g3 Bg7 4. Bg2 Nc6 5. d3 Rb8 6. Be3 b5 7. Qd2 b4 8. Nd1 d6
9. Ne2 Nd4 10. O-O Qb6 11. Nc1 Nf6 12. c3 Nc6 13. Bh6 bxc3 14. bxc3 O-O 15.
Bxg7 Kxg7 16. h3 e5 17. Kh2 c4 18. dxc4 Be6 19. Ne3 Na5 20. Rd1 Nxc4 21. Nxc4
Bxc4 22. Qxd6 Qxf2 23. Nb3 Rfe8 24. Qd2 Nxe4 25. Qxf2 Nxf2 26. Rd2 Nd3 27. Be4
Bxb3 28. axb3 Nc5 29. Bd5 Nxb3 30. Bxb3 Rxb3 31. Rxa7 Re6 32. Rc7 Reb6 33. Rf2
Rf6 34. Re2 Rb5 35. Re7 Rf5 36. Kg2 Rc5 37. Re3 Kf6 38. Re8 h5 39. h4 Rd5 40.
Re2 Rd3 41. c4 Rc3 42. Rc8 Rff3 43. Rf2 Rxf2+ 44. Kxf2 Kf5 45. Rc7 f6 46. Rc6
e4 47. c5 Rf3+ 48. Kg2 Kg4 49. Re6 Rxg3+ 50. Kh2 Rc3 51. Rxf6 Rxc5 52. Rxg6+
Kxh4 53. Re6 Rc2+ 54. Kg1 Kg3 55. Kf1 Kf3 56. Rf6+ Ke3 57. Rf5 h4 58. Rh5 Kf3
59. Rf5+ Kg4 60. Re5 h3 61. Kg1 Kf4 0-1

[Event "2nd Edmonton International"]
[Site "Edmonton"]
[Date "2007.08.05"]
[Round "6"]
[White "Yanayt, Eugene"]
[Black "Li, Zhichao"]
[Result "0-1"]
[ECO "D11"]
[WhiteElo "2335"]
[BlackElo "2143"]
[PlyCount "72"]
[EventDate "2007.08.02"]
[EventType "tourn"]
[EventRounds "9"]
[EventCountry "CAN"]
[TimeControl "6600+30"]

1. d4 d5 2. c4 c6 3. Nf3 Nf6 4. Qc2 g6 5. Bf4 Bg7 6. e3 Bf5 7. Qb3 Qb6 8. c5
Qxb3 9. axb3 Bxb1 10. Rxb1 O-O 11. h3 Re8 12. Be2 Nbd7 13. b4 a6 14. O-O Ne4
15. Rfe1 e5 16. Bh2 Re7 17. Bd1 exd4 18. exd4 Rae8 19. Bf4 Nf8 20. Bc2 Ne6 21.
Be3 f5 22. Rbd1 Bf6 23. g4 f4 24. Bc1 N4g5 25. Nxg5 Bxg5 26. Kg2 Bf6 27. Bb1
f3+ 28. Kg3 Nxd4 29. Rxe7 Rxe7 30. Be3 Be5+ 31. Kh4 Ne2 32. Bg5 Rf7 33. Rd2 Kg7
34. Bd3 Nd4 35. Be3 Ne6 36. g5 d4 0-1

[Event "2nd Edmonton International"]
[Site "Edmonton"]
[Date "2007.08.05"]
[Round "7"]
[White "Donaldson, John"]
[Black "Huber, Greg"]
[Result "1/2-1/2"]
[ECO "E43"]
[WhiteElo "2413"]
[BlackElo "2211"]
[PlyCount "27"]
[EventDate "2007.08.02"]
[EventType "tourn"]
[EventRounds "9"]
[EventCountry "CAN"]
[TimeControl "6600+30"]

1. Nf3 c5 2. c4 Nf6 3. Nc3 e6 4. e3 b6 5. d4 cxd4 6. exd4 Bb4 7. Bd3 O-O 8. O-O
Bb7 9. Bg5 h6 10. Bh4 Be7 11. Re1 d6 12. Bc2 Nbd7 13. Qd3 Re8 14. Rad1 1/2-1/2

[Event "2nd Edmonton International"]
[Site "Edmonton"]
[Date "2007.08.05"]
[Round "7"]
[White "Haessel, Dale"]
[Black "Yanayt, Eugene"]
[Result "1/2-1/2"]
[ECO "A45"]
[WhiteElo "2136"]
[BlackElo "2335"]
[PlyCount "74"]
[EventDate "2007.08.02"]
[EventType "tourn"]
[EventRounds "9"]
[EventCountry "CAN"]
[TimeControl "6600+30"]

1. d4 Nf6 2. g3 g6 3. Bg2 Bg7 4. e4 O-O 5. Ne2 c5 6. c3 cxd4 7. cxd4 d6 8. Nbc3
Nc6 9. d5 Ne5 10. h3 b5 11. f4 Nc4 12. b3 b4 13. Nb5 Na5 14. Be3 Ba6 15. Nbd4
Nb7 16. Nc6 Qd7 17. Rc1 e6 18. Nxb4 Bxe2 19. Qxe2 exd5 20. exd5 Rfe8 21. O-O
Ne4 22. Kh2 Nc3 23. Qd2 a5 24. Nc6 Nxa2 25. Rc4 Nb4 26. Nxb4 axb4 27. Rxb4 Rac8
28. Rc1 Nc5 29. Bf3 Qe7 30. Bf2 Rb8 31. Re1 Nxb3 32. Rxb3 Rxb3 33. Rxe7 Rxe7
34. Qd1 Ra3 35. Kg2 Rb7 36. Bd4 Ra2+ 37. Kf1 Bxd4 1/2-1/2

[Event "2nd Edmonton International"]
[Site "Edmonton"]
[Date "2007.08.05"]
[Round "7"]
[White "Khachiyan, Melikset"]
[Black "Aveskulov, Valeriy"]
[Result "1/2-1/2"]
[ECO "B51"]
[WhiteElo "2490"]
[BlackElo "2539"]
[PlyCount "49"]
[EventDate "2007.08.02"]
[EventType "tourn"]
[EventRounds "9"]
[EventCountry "CAN"]
[TimeControl "6600+30"]

1. e4 c5 2. Nf3 d6 3. Bb5+ Nc6 4. Bxc6+ bxc6 5. O-O e5 6. c3 f5 7. Qa4 Nf6 8.
exf5 Bxf5 9. d4 cxd4 10. cxd4 e4 11. Nh4 Bd7 12. f3 Be7 13. fxe4 Nxe4 14. Nf3
O-O 15. Nc3 Nf6 16. Bg5 Qb6 17. Bxf6 Rxf6 18. Nd5 cxd5 19. Qxd7 Bf8 20. Rac1
Rb8 21. b3 Rb7 22. Qg4 h6 23. h4 Rbf7 24. h5 Qa6 25. Rf2 1/2-1/2

[Event "2nd Edmonton International"]
[Site "Edmonton"]
[Date "2007.08.05"]
[Round "7"]
[White "Kraai, Jesse"]
[Black "Bachmann, Axel"]
[Result "1-0"]
[ECO "B38"]
[WhiteElo "2525"]
[BlackElo "2466"]
[PlyCount "69"]
[EventDate "2007.08.02"]
[EventType "tourn"]
[EventRounds "9"]
[EventCountry "CAN"]
[TimeControl "6600+30"]

1. Nf3 c5 2. c4 Nc6 3. d4 cxd4 4. Nxd4 g6 5. e4 Bg7 6. Be3 d6 7. Nc3 Nf6 8. Be2
O-O 9. O-O Bd7 10. Re1 Nxd4 11. Bxd4 Bc6 12. Bd3 a5 13. Qd2 Nd7 14. Bxg7 Kxg7
15. Re3 Nc5 16. Rh3 h5 17. f4 f5 18. Re1 fxe4 19. Bxe4 Nxe4 20. Nxe4 Bxe4 21.
Rxe4 e5 22. Rb3 Rf7 23. Qd5 a4 24. Rxb7 Rxb7 25. Qxb7+ Kh6 26. Re2 exf4 27. Re6
Rb8 28. Qf7 Qg5 29. h4 Qg3 30. Re7 Qxh4 31. Qg7+ Kg5 32. Re6 Kg4 33. Rxg6+ Kf5
34. Qf7+ Ke4 35. Qd5+ 1-0

[Event "2nd Edmonton International"]
[Site "Edmonton"]
[Date "2007.08.05"]
[Round "7"]
[White "Li, Zhichao"]
[Black "Reeve, Jeff"]
[Result "1/2-1/2"]
[ECO "E97"]
[WhiteElo "2143"]
[BlackElo "2205"]
[PlyCount "126"]
[EventDate "2007.08.02"]
[EventType "tourn"]
[EventRounds "9"]
[EventCountry "CAN"]
[TimeControl "6600+30"]

1. d4 Nf6 2. c4 g6 3. Nc3 Bg7 4. e4 d6 5. Nf3 O-O 6. Be2 e5 7. O-O Nc6 8. d5
Ne7 9. b4 Nh5 10. Re1 f5 11. Ng5 Nf6 12. Bf3 Kh8 13. Qb3 c6 14. Bb2 cxd5 15.
cxd5 fxe4 16. Ngxe4 Nxe4 17. Nxe4 Nf5 18. Ng3 Qb6 19. Nxf5 gxf5 20. Be2 Bd7 21.
Rec1 Rac8 22. a4 a5 23. Bb5 Bxb5 24. bxa5 Qxa5 25. Qxb5 Qxb5 26. axb5 e4 27.
Bxg7+ Kxg7 28. Kf1 Kf6 29. Rxc8 Rxc8 30. Ra7 Rc7 31. b6 Rf7 32. Ke2 Ke5 33. Ra5
Kd4 34. g3 Kc4 35. f3 Kb4 36. Ra1 exf3+ 37. Kxf3 Kc5 38. Rc1+ Kxb6 39. Ke3 Re7+
40. Kd3 Re5 41. Kd4 Re2 42. Rb1+ Kc7 43. Rc1+ Kb8 44. Rf1 Rxh2 45. Rxf5 Rh6 46.
Rf3 Rg6 47. Ke4 Rg7 48. Rb3 Re7+ 49. Kf4 Re5 50. g4 Rxd5 51. Rh3 Kc7 52. Rxh7+
Kc6 53. g5 Rd1 54. g6 Rg1 55. Kf5 b5 56. Rh4 Kc5 57. Rg4 Rf1+ 58. Ke6 Rf8 59.
g7 Rg8 60. Kf7 Rxg7+ 61. Rxg7 b4 62. Ke6 b3 63. Rc7+ Kd4 1/2-1/2

[Event "2nd Edmonton International"]
[Site "Edmonton"]
[Date "2007.08.06"]
[Round "8"]
[White "Aveskulov, Valeriy"]
[Black "Donaldson, John"]
[Result "0-1"]
[ECO "B20"]
[WhiteElo "2539"]
[BlackElo "2413"]
[PlyCount "42"]
[EventDate "2007.08.02"]
[EventType "tourn"]
[EventRounds "9"]
[EventCountry "CAN"]
[TimeControl "6600+30"]

1. e4 c5 2. b3 e5 3. Bb2 d6 4. Bb5+ Nc6 5. f4 exf4 6. Nf3 Bg4 7. O-O Qb6 8. Bc4
O-O-O 9. Bxf7 Nd4 10. Nc3 Qc7 11. Bc4 Nf6 12. a4 Kb8 13. a5 Be7 14. a6 b6 15.
Qc1 Bxf3 16. gxf3 Qd7 17. Nd1 Nxf3+ 18. Rxf3 Qg4+ 19. Kf2 Nxe4+ 20. Ke2 d5 21.
Bb5 Ng5 0-1

[Event "2nd Edmonton International"]
[Site "Edmonton"]
[Date "2007.08.06"]
[Round "8"]
[White "Bachmann, Axel"]
[Black "Khachiyan, Melikset"]
[Result "0-1"]
[ECO "C26"]
[WhiteElo "2466"]
[BlackElo "2490"]
[PlyCount "86"]
[EventDate "2007.08.02"]
[EventType "tourn"]
[EventRounds "9"]
[EventCountry "CAN"]
[TimeControl "6600+30"]

1. e4 e5 2. Ne2 Nf6 3. Nbc3 Nc6 4. g3 Bc5 5. Bg2 a6 6. d3 d6 7. O-O O-O 8. h3
Be6 9. Kh2 d5 10. Bg5 d4 11. Bxf6 Qxf6 12. Nb1 Qh6 13. Nd2 Bd6 14. a3 b5 15.
Ng1 Ne7 16. Bf3 c5 17. b3 Bc7 18. Qe2 Ba5 19. Rfd1 Rac8 20. Nf1 c4 21. b4 Bc7
22. Bg4 a5 23. a4 axb4 24. axb5 c3 25. Rdb1 Bd6 26. b6 Rb8 27. b7 Rxb7 28. Ra6
b3 29. Bxe6 Qxe6 30. cxb3 Rxb3 31. Rxb3 Qxb3 32. Rxd6 c2 33. Qd2 Qb8 34. Rd8
Rxd8 35. Qxc2 Rc8 36. Qa4 Qb1 37. Nd2 Qxd3 38. Ngf3 f6 39. Qd7 Kf7 40. Kg2 Rc2
41. Qb7 Rxd2 42. Nxd2 Qxd2 43. Qb3+ Kg6 0-1

[Event "2nd Edmonton International"]
[Site "Edmonton"]
[Date "2007.08.06"]
[Round "8"]
[White "Haessel, Dale"]
[Black "Kraai, Jesse"]
[Result "0-1"]
[ECO "A60"]
[WhiteElo "2136"]
[BlackElo "2525"]
[PlyCount "66"]
[EventDate "2007.08.02"]
[EventType "tourn"]
[EventRounds "9"]
[EventCountry "CAN"]
[TimeControl "6600+30"]

1. d4 Nf6 2. c4 e6 3. g3 c5 4. d5 exd5 5. cxd5 c4 6. Nc3 Bb4 7. Bg2 O-O 8. Qd4
d6 9. Bg5 Nbd7 10. Qxc4 Bxc3+ 11. Qxc3 h6 12. Bxf6 Nxf6 13. Nf3 Bf5 14. O-O Be4
15. Nd4 Bxg2 16. Kxg2 Nxd5 17. Qb3 Nb6 18. Rfd1 d5 19. a4 Qe7 20. Rac1 Rac8 21.
e3 g6 22. h3 Rc4 23. Rxc4 dxc4 24. Qc2 Qb4 25. Ra1 a5 26. h4 h5 27. e4 Rd8 28.
Nf3 Rd3 29. e5 Qe7 30. Rd1 Qd7 31. e6 fxe6 32. Ng5 Rxd1 33. Qxg6+ Kf8 0-1

[Event "2nd Edmonton International"]
[Site "Edmonton"]
[Date "2007.08.06"]
[Round "8"]
[White "Huber, Greg"]
[Black "Li, Zhichao"]
[Result "1/2-1/2"]
[ECO "B01"]
[WhiteElo "2211"]
[BlackElo "2143"]
[PlyCount "167"]
[EventDate "2007.08.02"]
[EventType "tourn"]
[EventRounds "9"]
[EventCountry "CAN"]
[TimeControl "6600+30"]

1. e4 d5 2. exd5 Qxd5 3. Nc3 Qa5 4. d4 Nf6 5. Nf3 c6 6. Bd2 Bf5 7. Ne4 Qc7 8.
Nxf6+ gxf6 9. g3 Bg7 10. Bg2 Qd7 11. Nh4 Bg4 12. Bf3 Bxf3 13. Qxf3 Qd5 14. Qxd5
cxd5 15. Nf5 Bf8 16. O-O-O Nc6 17. Rhe1 O-O-O 18. Bh6 e6 19. Bxf8 Rhxf8 20. Ne3
f5 21. c3 Rg8 22. Ng2 b5 23. Nf4 Nb8 24. Kc2 Rd6 25. Ra1 Kb7 26. Nd3 Nd7 27. a4
bxa4 28. Rxa4 Ra6 29. Rxa6 Kxa6 30. b3 Rc8 31. Ra1+ Kb7 32. Ra4 Rc6 33. Ne5 Rc7
34. Kd2 Nb6 35. Ra1 Nd7 36. Nd3 Rc6 37. Nb4 Rc8 38. Ra5 Kb6 39. Ra6+ Kb7 40.
Ra1 Nf6 41. f3 Nd7 42. Nd3 Rc6 43. Nb4 Rc8 44. Rf1 h5 45. Rg1 Rg8 46. Nd3 h4
47. Ke3 hxg3 48. hxg3 Rc8 49. Rc1 Rh8 50. Kf4 Rh2 51. Nc5+ Kc6 52. Nxd7 Kxd7
53. Ra1 Rc2 54. Rxa7+ Kd6 55. Ra6+ Kd7 56. c4 dxc4 57. bxc4 Rxc4 58. Ke5 Rc3
59. Ra7+ Ke8 60. Ra8+ Ke7 61. Ra7+ Ke8 62. Kf6 Rxf3 63. Re7+ Kd8 64. Rxf7 Rxg3
65. Kxe6 Rg6+ 66. Ke5 f4 67. d5 f3 68. Rxf3 Rh6 69. Rf7 Rg6 70. Rh7 Ra6 71.
Rh8+ Kd7 72. Rh7+ Kd8 73. Rf7 Rb6 74. Rf6 Rxf6 75. Kxf6 Kd7 76. Ke5 Ke7 77. Kf5
Kd6 78. Ke4 Kd7 79. Ke5 Ke7 80. d6+ Kd7 81. Kd5 Kd8 82. Kc6 Kc8 83. d7+ Kd8 84.
Kd6 1/2-1/2

[Event "2nd Edmonton International"]
[Site "Edmonton"]
[Date "2007.08.06"]
[Round "9"]
[White "Donaldson, John"]
[Black "Bachmann, Axel"]
[Result "1/2-1/2"]
[ECO "D76"]
[WhiteElo "2413"]
[BlackElo "2466"]
[PlyCount "31"]
[EventDate "2007.08.02"]
[EventType "tourn"]
[EventRounds "9"]
[EventCountry "CAN"]
[TimeControl "6600+30"]

1. Nf3 g6 2. d4 Bg7 3. c4 Nf6 4. Nc3 d5 5. cxd5 Nxd5 6. g3 O-O 7. Bg2 Nb6 8.
O-O Nc6 9. e3 e5 10. d5 Na5 11. e4 c6 12. Bg5 f6 13. Be3 cxd5 14. Bxb6 Qxb6 15.
Nxd5 Qd6 16. Qa4 1/2-1/2

[Event "2nd Edmonton International"]
[Site "Edmonton"]
[Date "2007.08.06"]
[Round "9"]
[White "Khachiyan, Melikset"]
[Black "Haessel, Dale"]
[Result "1-0"]
[ECO "C42"]
[WhiteElo "2490"]
[BlackElo "2136"]
[PlyCount "49"]
[EventDate "2007.08.02"]
[EventType "tourn"]
[EventRounds "9"]
[EventCountry "CAN"]
[TimeControl "6600+30"]

1. e4 e5 2. Nf3 Nf6 3. Nxe5 d6 4. Nf3 Nxe4 5. d4 d5 6. Bd3 Bd6 7. O-O O-O 8. c4
c6 9. Qc2 Na6 10. a3 Re8 11. Nc3 Bf5 12. Re1 Nxc3 13. Bxf5 Rxe1+ 14. Nxe1 Ne4
15. Bxe4 dxe4 16. Qxe4 Qa5 17. Nf3 Qa4 18. Qe2 c5 19. d5 b5 20. Be3 bxc4 21.
Nd2 Qc2 22. Re1 Qxb2 23. Nxc4 Qf6 24. Nxd6 Qxd6 25. Bf4 1-0

[Event "2nd Edmonton International"]
[Site "Edmonton"]
[Date "2007.08.06"]
[Round "9"]
[White "Kraai, Jesse"]
[Black "Yanayt, Eugene"]
[Result "1-0"]
[ECO "E97"]
[WhiteElo "2525"]
[BlackElo "2335"]
[PlyCount "109"]
[EventDate "2007.08.02"]
[EventType "tourn"]
[EventRounds "9"]
[EventCountry "CAN"]
[TimeControl "6600+30"]

1. Nf3 Nf6 2. c4 g6 3. Nc3 Bg7 4. e4 d6 5. d4 O-O 6. Be2 e5 7. O-O Nc6 8. dxe5
Nxe5 9. Nxe5 dxe5 10. Be3 c6 11. Qa4 Qe7 12. b4 Nd7 13. b5 c5 14. Nd5 Qd8 15.
Rfd1 b6 16. Qc2 Re8 17. a4 Bb7 18. Bg4 Nf8 19. a5 Bxd5 20. Rxd5 Qc7 21. Rad1
Rad8 22. Bg5 Rxd5 23. Rxd5 f6 24. Be3 Ne6 25. Bxe6+ Rxe6 26. Qd2 Qf7 27. Rd8+
Bf8 28. Qd5 g5 29. h4 h6 30. h5 Re7 31. a6 Qe6 32. Rd6 Qxd5 33. cxd5 Kf7 34.
Rc6 Rd7 35. f3 Ke7 36. Kh2 Kf7 37. Kh3 Bd6 38. Kg4 Rd8 39. Kf5 Rd7 40. Rc8 Bf8
41. g3 Bd6 42. Rc6 Rd8 43. f4 Ke7 44. fxg5 hxg5 45. Kg6 Rg8+ 46. Kh7 Re8 47. h6
Kd7 48. Kg6 Rg8+ 49. Kf7 Rf8+ 50. Kg7 Re8 51. h7 Re7+ 52. Kg6 Re8 53. Kxf6 Be7+
54. Kg7 Bf8+ 55. Kf7 1-0

[Event "2nd Edmonton International"]
[Site "Edmonton"]
[Date "2007.08.06"]
[Round "9"]
[White "Li, Zhichao"]
[Black "Aveskulov, Valeriy"]
[Result "1/2-1/2"]
[ECO "E05"]
[WhiteElo "2143"]
[BlackElo "2539"]
[PlyCount "66"]
[EventDate "2007.08.02"]
[EventType "tourn"]
[EventRounds "9"]
[EventCountry "CAN"]
[TimeControl "6600+30"]

1. d4 Nf6 2. c4 e6 3. Nf3 d5 4. g3 Be7 5. Bg2 O-O 6. O-O dxc4 7. Qc2 a6 8. Qxc4
b5 9. Qc2 Bb7 10. Bd2 Ra7 11. Rc1 Be4 12. Qb3 Nbd7 13. Ba5 Qa8 14. Nbd2 Bd5 15.
Qd1 Rc8 16. b4 Ne8 17. Qf1 Nef6 18. a3 Bd6 19. Rc2 Nb8 20. Ne1 Bxg2 21. Qxg2
Qxg2+ 22. Kxg2 c6 23. Nef3 Nfd7 24. Rd1 Rb7 25. e3 Re8 26. Ne4 Bf8 27. Rcd2 f6
28. Nc5 Ra7 29. e4 Kf7 30. e5 Nxc5 31. dxc5 Be7 32. Bd8 Bf8 33. h4 Rb7 1/2-1/2

[Event "3rd Edmonton International"]
[Site "Edmonton"]
[Date "2008.07.31"]
[Round "1"]
[White "Hughey, Micah"]
[Black "Panjwani, Raja"]
[Result "0-1"]
[ECO "B40"]
[WhiteElo "2011"]
[BlackElo "2310"]
[PlyCount "42"]
[EventDate "2008.07.31"]
[EventType "swiss"]
[EventRounds "9"]
[EventCountry "CAN"]
[TimeControl "300"]

1. e4 e6 2. c4 c5 3. Nf3 Nc6 4. d4 cxd4 5. Nxd4 Nxd4 6. Qxd4 Ne7 7. Nc3 Nc6 8.
Qd2 Bc5 9. a3 a5 10. Nb5 O-O 11. b3 d5 12. Bd3 dxe4 13. Bxe4 Qh4 14. Bc2 e5 15.
Bb2 Rd8 16. Qe2 Bg4 17. g3 Qh5 18. Qf1 Bf3 19. Rg1 Nd4 20. Bxd4 exd4 21. Bd3
Qh6 0-1

[Event "3rd Edmonton International"]
[Site "Edmonton"]
[Date "2008.08.01"]
[Round "2"]
[White "Gardner, Robert"]
[Black "Kraai, Jesse"]
[Result "0-1"]
[ECO "A02"]
[WhiteElo "2175"]
[BlackElo "2513"]
[PlyCount "36"]
[EventDate "2008.07.31"]
[EventType "swiss"]
[EventRounds "9"]
[EventCountry "CAN"]
[TimeControl "300"]

1. f4 Nf6 2. Nf3 g6 3. b4 Bg7 4. Bb2 O-O 5. e3 Na6 6. a3 b6 7. Bd3 c5 8. Qe2
Nc7 9. c4 d5 10. bxc5 bxc5 11. cxd5 Ncxd5 12. O-O Nxf4 13. exf4 Qb6 14. Bb5 a6
15. Nc3 axb5 16. Qxb5 Qd6 17. Qe2 Ba6 18. Nb5 Bxb5 0-1

[Event "3rd Edmonton International"]
[Site "Edmonton"]
[Date "2008.08.01"]
[Round "2"]
[White "Panjwani, Raja"]
[Black "Shabalov, Alexander"]
[Result "1-0"]
[ECO "C26"]
[WhiteElo "2310"]
[BlackElo "2611"]
[PlyCount "129"]
[EventDate "2008.07.31"]
[EventType "swiss"]
[EventRounds "9"]
[EventCountry "CAN"]
[TimeControl "300"]

1. e4 e5 2. Nf3 Nc6 3. Nc3 Nf6 4. g3 Bc5 5. Bg2 d6 6. d3 a6 7. O-O Be6 8. h3 h6
9. Be3 Bxe3 10. fxe3 Ne7 11. Nh4 c6 12. Qe2 Qd7 13. Kh2 Nh7 14. Rf2 Ng5 15. Qf1
g6 16. d4 Qc7 17. Rd1 O-O 18. d5 cxd5 19. exd5 Bd7 20. Rf6 Kg7 21. Qf2 Bb5 22.
Nxb5 axb5 23. Rf1 Qd8 24. Qe2 b4 25. Qb5 Ng8 26. R6f2 Rxa2 27. Qxb4 Qd7 28. Qb3
Ra4 29. Qd3 e4 30. Qc3+ f6 31. b3 Raa8 32. Qd4 b5 33. Rf4 Rac8 34. c4 bxc4 35.
bxc4 h5 36. g4 hxg4 37. Rxg4 Kh7 38. Bxe4 Nxe4 39. Rxe4 Nh6 40. Re6 Qg7 41. Qd3
f5 42. Rg1 g5 43. Ng6 Rf6 44. Nf4 Rf7 45. Rg6 Qb2+ 46. Rg2 Qc1 47. R2xg5 Rxc4
48. Rg2 Rxf4 49. exf4 Qxf4+ 50. Kh1 Rc7 51. Qg3 Qxg3 52. R6xg3 f4 53. Rg5 f3
54. R2g3 Rc1+ 55. Rg1 Rc3 56. Kh2 Rd3 57. Kg3 Nf7 58. Rf5 Ne5 59. Kf4 Rd4+ 60.
Ke3 Rh4 61. Rxe5 dxe5 62. Rd1 Kg7 63. d6 Rd4 64. Rxd4 exd4+ 65. Kxf3 1-0

[Event "3rd Edmonton International"]
[Site "Edmonton"]
[Date "2008.08.01"]
[Round "2"]
[White "Pechenkin, Vladimir"]
[Black "Mrugala, David"]
[Result "0-1"]
[ECO "A03"]
[WhiteElo "2281"]
[BlackElo "2035"]
[PlyCount "104"]
[EventDate "2008.07.31"]
[EventType "swiss"]
[EventRounds "9"]
[EventCountry "CAN"]
[TimeControl "300"]

1. f4 d5 2. Nf3 c5 3. e3 Nf6 4. Be2 g6 5. O-O Bg7 6. d3 O-O 7.
Nc3 Nc6 8. Ne5 Qc7 9. Nxc6 Qxc6 10. Bf3 Rd8 11. Qe2 Rb8 12. e4 e6 13. a4 b6 14.
g4 dxe4 15. dxe4 Bb7 16. e5 Nd5 17. Nb5 a6 18. Nd6 Rxd6 19. exd6 Qxd6 20. Bg2
Bd4+ 21. Kh1 Bc6 22. c3 Bg7 23. Qxa6 e5 24. f5 e4 25. Qe2 Re8 26. Bg5 h6 27.
Be3 g5 28. Rad1 Qe5 29. a5 Bf8 30. axb6 Bd6 31. Bg1 Nf4 32. Qe3 Nd5 33. Qg3 Qf6
34. Qe1 Qe5 35. Qg3 Qf6 36. Qe1 Qe5 37. c4 Nf4 38. Qe3 Nxg2 39. Kxg2 Qf6 40. b3
Bf4 41. Qe2 e3+ 42. Kh3 h5 43. Rd5 Bxd5 44. cxd5 hxg4+ 45. Kxg4 Qh6 46. Qb5
Qh4+ 47. Kf3 Qh3+ 48. Ke2 Ra8 49. Rxf4 gxf4 50. b7 Ra2+ 51. Kd1 Ra1+ 52. Kc2
Qg2+ 0-1

[Event "3rd Edmonton International"]
[Site "Edmonton"]
[Date "2008.08.01"]
[Round "2"]
[White "Peter, Steven"]
[Black "Vicary, Elizabeth"]
[Result "1/2-1/2"]
[ECO "E11"]
[WhiteElo "2303"]
[BlackElo "2145"]
[PlyCount "111"]
[EventDate "2008.07.31"]
[EventType "swiss"]
[EventRounds "9"]
[EventCountry "CAN"]
[TimeControl "300"]

1. d4 Nf6 2. c4 e6 3. Nf3 Bb4+ 4. Nbd2 O-O 5. a3 Bxd2+ 6. Bxd2 h6 7. Bf4 b6 8.
e3 Bb7 9. Be2 d6 10. O-O Nh5 11. Qd2 Nxf4 12. exf4 Nd7 13. b4 Qe7 14. Rfe1 c5
15. Rad1 Rfd8 16. Qe3 Qf6 17. dxc5 dxc5 18. Bd3 Rac8 19. b5 Ra8 20. Be4 Bxe4
21. Qxe4 Qe7 22. Qb7 Kf8 23. g3 f6 24. Qc6 Kf7 25. f5 Nf8 26. fxe6+ Nxe6 27.
Nh4 Rxd1 28. Rxd1 Rd8 29. Re1 Qd7 30. Nf5 Nd4 31. Nxd4 cxd4 32. Qf3 d3 33. Rd1
Qd4 34. Qf4 Qxf4 35. gxf4 Ke6 36. Kg2 Kf5 37. Kf3 h5 38. Rd2 h4 39. h3 g6 40.
Ke3 Re8+ 41. Kf3 Re4 42. Rxd3 Rxf4+ 43. Kg2 Rxc4 44. Kf3 g5 45. Rd5+ Ke6 46.
Rd3 Ke5 47. Kg2 Rc5 48. Rd7 Rxb5 49. Rxa7 f5 50. a4 Ra5 51. Rb7 Rxa4 52. Rxb6
g4 53. Rh6 gxh3+ 54. Kxh3 Rf4 55. Kg2 Rg4+ 56. Kf3 1/2-1/2

[Event "3rd Edmonton International"]
[Site "Edmonton"]
[Date "2008.08.01"]
[Round "3"]
[White "Moiseenko, Alexander"]
[Black "Hungaski, Robert"]
[Result "1/2-1/2"]
[ECO "D37"]
[WhiteElo "2632"]
[BlackElo "2407"]
[PlyCount "64"]
[EventDate "2008.07.31"]
[EventType "swiss"]
[EventRounds "9"]
[EventCountry "CAN"]
[TimeControl "300"]

1. d4 d5 2. c4 e6 3. Nf3 Nf6 4. Nc3 Be7 5. Bf4 O-O 6. e3 c5 7. dxc5 Bxc5 8.
cxd5 Nxd5 9. Nxd5 exd5 10. a3 Nc6 11. Bd3 Bb6 12. O-O d4 13. e4 Bg4 14. h3 Bh5
15. g4 Bg6 16. Rc1 Rc8 17. Nd2 f6 18. Nc4 Bc7 19. Bxc7 Qxc7 20. f4 Bf7 21. Rc2
Kh8 22. Rcf2 Nb4 23. axb4 Bxc4 24. Rc2 Qf7 25. Qc1 Be6 26. Rff2 Qd7 27. Rxc8
Rxc8 28. Rc2 Bxg4 29. hxg4 Qxg4+ 30. Kh2 Qh4+ 31. Kg2 Qg4+ 32. Kh2 Qh4+ 1/2-1/2

[Event "3rd Edmonton International"]
[Site "Edmonton"]
[Date "2008.08.03"]
[Round "6"]
[White "Cheng, Bindi"]
[Black "Panjwani, Raja"]
[Result "1/2-1/2"]
[ECO "C41"]
[WhiteElo "2333"]
[BlackElo "2310"]
[PlyCount "56"]
[EventDate "2008.07.31"]
[EventType "swiss"]
[EventRounds "9"]
[EventCountry "CAN"]
[TimeControl "300"]

1. e4 d6 2. d4 Nf6 3. Nc3 e5 4. Nf3 Nbd7 5. Bc4 Be7 6. O-O O-O 7. Re1 c6 8. a4
b6 9. d5 Bb7 10. dxc6 Bxc6 11. Bg5 Rc8 12. Bxf6 Nxf6 13. Bb3 Rc7 14. Qd3 Qa8
15. a5 Qb7 16. axb6 axb6 17. Ba4 Ra8 18. Bxc6 Qxc6 19. Rxa8+ Qxa8 20. Nd2 Qa5
21. Nb3 Qa8 22. Qb5 Qc6 23. Qxc6 Rxc6 24. Ra1 g6 25. Ra7 Bf8 26. Rb7 Nh5 27.
Nc1 Bh6 28. Nd3 Bd2 1/2-1/2

[Event "3rd Edmonton International"]
[Site "Edmonton"]
[Date "2008.08.03"]
[Round "6"]
[White "Friedel, Josh"]
[Black "Hungaski, Robert"]
[Result "1-0"]
[ECO "A28"]
[WhiteElo "2524"]
[BlackElo "2407"]
[PlyCount "47"]
[EventDate "2008.07.31"]
[EventType "swiss"]
[EventRounds "9"]
[EventCountry "CAN"]
[TimeControl "300"]

1. c4 e5 2. Nc3 Nf6 3. Nf3 Nc6 4. d4 exd4 5. Nxd4 Bb4 6. g3 O-O 7. Bg2 Ne5 8.
O-O Bxc3 9. bxc3 Nxc4 10. e4 d5 11. exd5 Nxd5 12. Qb3 Ndb6 13. Bf4 a6 14. Rad1
Bd7 15. Qb1 Qc8 16. Be4 g6 17. Nb3 c5 18. Na5 Ra7 19. Bd3 Be6 20. Qb3 g5 21.
Bd6 Rd8 22. Nxc4 Rxd6 23. Nxd6 Qc6 24. Qb1 1-0

[Event "3rd Edmonton International"]
[Site "Edmonton"]
[Date "2008.08.03"]
[Round "6"]
[White "Kraai, Jesse"]
[Black "Gerzhoy, Leonid"]
[Result "0-1"]
[ECO "E05"]
[WhiteElo "2513"]
[BlackElo "2399"]
[PlyCount "76"]
[EventDate "2008.07.31"]
[EventType "swiss"]
[EventRounds "9"]
[EventCountry "CAN"]
[TimeControl "300"]

1. Nf3 d5 2. d4 Nf6 3. c4 e6 4. g3 Be7 5. Bg2 O-O 6. O-O dxc4 7. Ne5 Nc6 8.
Bxc6 bxc6 9. Nxc6 Qe8 10. Nxe7+ Qxe7 11. Qa4 e5 12. dxe5 Qxe5 13. Qxc4 Be6 14.
Qd3 Rad8 15. Qe3 Qh5 16. f3 Bc4 17. Nc3 Rfe8 18. Qg5 Qh3 19. Rf2 Bxe2 20. Bf4
Bd1 21. Be5 h6 22. Qf4 Nd5 23. Nxd5 Rxd5 24. Bc3 Rd3 25. Qxc7 Rxf3 26. Qc6 Rc8
27. Qd5 Rxf2 28. Kxf2 Qxh2+ 29. Qg2 Qh5 30. Qe4 Rc5 31. Kg2 Rg5 32. b3 Rg6 33.
Rc1 Re6 34. Be5 Re8 35. Rc5 Bg4 36. Qd5 Bh3+ 37. Kf2 Qf5+ 38. Kg1 Rxe5 0-1